 Dungeon Crawl Stone Soup version 0.29-a0-857-g9b1aa3ac5b (webtiles) character file.

Game seed: 9457767308693106634

340 jimonade the Covered (level 6, -1/49 HPs)
             Began as a Formicid Fighter on July 17, 2022.
             Slain by jimonade's ghost (5 damage)
             ... on level 3 of the Dungeon.
             The game lasted 00:04:09 (3836 turns).

jimonade the Covered (Formicid Fighter)             Turns: 3836, Time: 00:04:09

Health: -1/49      AC:  7    Str: 21    XL:     6   Next: 87%
Magic:  6/6        EV: 10    Int:  9    God:
Gold:   190        SH:  5    Dex: 13    Spells: 5/5 levels left

rFire   . . .      SeeInvis +   a - +0 quarterstaff
rCold   . . .      Faith    .   c - +0 buckler
rNeg    . . .      Spirit   .   b - +0 scale mail
rPois   .          Reflect  .   (helmet unavailable)
rElec   .          Harm     .   (no cloak)
rCorr   .          Rampage  .   (no gloves)
Will    .....                   (no boots)
Stlth   ..........              (no amulet)
HPRegen 0.16/turn               (no ring)
MPRegen 0.10/turn               (no ring)

@: no status effects
A: permanent stasis, dig shafts and tunnels, antennae 3, four strong arms
a: Dig, Shaft Self


You were on level 3 of the Dungeon.
You visited 1 branch of the dungeon, and saw 3 of its levels.

You collected 190 gold pieces.

Inventory:

Hand Weapons
 a - a +0 quarterstaff (weapon)
 m - a +0 quarterstaff
 t - a +2 antimagic mace
Armour
 b - a +0 scale mail (worn)
 c - a +0 buckler (worn)
 j - a +0 leather armour
Jewellery
 s - an amulet of regeneration
Wands
 o - a wand of flame (7)
 p - a wand of light (9)
Scrolls
 e - 2 scrolls of fear {unknown}
 g - 6 scrolls of identify {unknown}
 h - a scroll of immolation {unknown}
 k - 3 scrolls of teleportation {unknown}
 r - a scroll of noise {unknown}
Potions
 d - 3 potions of might
 f - 2 potions of curing {unknown}
 i - 2 potions of lignification {unknown}
 l - a potion of mutation {unknown}
 n - a potion of magic {unknown}
 q - a potion of cancellation {unknown}


   Skills:
 + Level 4.4 Fighting
 + Level 4.7 Staves
 + Level 4.7 Armour
 + Level 1.2 Dodging
 + Level 4.5 Shields


You had 5 spell levels left.
You didn't know any spells.
Your spell library was empty.

Dungeon Overview and Level Annotations

Branches:
Dungeon (3/15)

Altars:

Annotations:
D:3 jimonade's ghost, amateur DsHW


Innate Abilities, Weirdness & Mutations

You cannot be hasted, slowed, berserked, paralysed or teleported.
You can dig through walls and to a lower floor.
You have a pair of large antennae on your head. (SInv)
Your four strong arms can wield two-handed weapons with a shield.


Message History

You completely miss jimonade's ghost.
Jimonade's ghost screams, "Zot is a myth, the ORB is a fable, you'll soon be a tale!"
Jimonade's ghost hits you.
You hit jimonade's ghost.
Jimonade's ghost is lightly damaged.
Jimonade's ghost says, "What do you have that I didn't have?"
Jimonade's ghost points at you and mumbles some strange words.
The magic dart hits you.
You hit jimonade's ghost but do no damage.
Jimonade's ghost is lightly damaged.
Jimonade's ghost hits you but does no damage.
You barely miss jimonade's ghost.
Jimonade's ghost points at you and mumbles some strange words.
The magic dart hits you!
You completely miss jimonade's ghost. You block jimonade's ghost's attack.
You sock jimonade's ghost!
Jimonade's ghost is moderately damaged.
Jimonade's ghost gestures at you while chanting.
The magic dart hits you!
You hit jimonade's ghost but do no damage.
Jimonade's ghost is moderately damaged.
Jimonade's ghost hits you!
You closely miss jimonade's ghost.
Jimonade's ghost is moderately damaged.
Jimonade's ghost hits you.
You hit jimonade's ghost.
Jimonade's ghost is moderately damaged.
Jimonade's ghost barely misses you. Jimonade's ghost hits you.
* * * LOW HITPOINT WARNING * * *
You completely miss jimonade's ghost.
Jimonade's ghost is moderately damaged.
Jimonade's ghost hits you but does no damage.
You hit jimonade's ghost but do no damage.
Jimonade's ghost is moderately damaged.
Jimonade's ghost hits you!
* * * LOW HITPOINT WARNING * * *
You hit jimonade's ghost.
Jimonade's ghost is heavily damaged.
Jimonade's ghost hits you.
You die...

##)#....#....................#
#.......#....................#
.......##............####....#
.......##...###..............#
.......##...###..............###
......###......................#
.......##...†....#######.......#
.....>.##........#.....#.......#
.......##.......@W≈≈≈≈:#.......#
.......####......#.....#.......#
...##### #....#########.......#
...# #....# #............# ...#
#....# #............# ####
#....# #............# #....#
#......####### #....# #......#
###### ########


You could see jimonade's ghost.

Vanquished Creatures
  Sigmund (D:3)
  Terence (D:3)
  Natasha (thrice) (D:3)
  2 adders (D:2)
  A dart slug (D:3)
  3 worms
  An orc (D:3)
  5 ball pythons
  4 endoplasms
  3 giant cockroaches
  3 goblins
  11 hobgoblins
  A quokka (D:1)
  3 bats
  7 frilled lizards
  7 kobolds
  4 rats
60 creatures vanquished.

Notes
Turn   | Place    | Note
-------+----------+-------------------------------------------
     0 | D:1      | jimonade the Formicid Fighter began the quest for the Orb.
     0 | D:1      | Reached XP level 1. HP: 18/18 MP: 1/1
   155 | D:1      | Reached XP level 2. HP: 19/24 MP: 2/2
  1058 | D:2      | Reached XP level 3. HP: 27/30 MP: 3/3
  1099 | D:2      | Found a faded altar of an unknown god.
  1916 | D:2      | Reached XP level 4. HP: 37/37 MP: 4/4
  2335 | D:3      | Noticed Terence
  2353 | D:3      | Killed Terence
  2505 | D:3      | Noticed Natasha
  2519 | D:3      | Killed Natasha
  2520 | D:3      | Reached XP level 5. HP: 3/42 MP: 5/5
  3114 | D:3      | Noticed Sigmund
  3144 | D:3      | Killed Sigmund
  3145 | D:3      | Reached skill level 1 in Dodging
  3145 | D:3      | Reached XP level 6. HP: 23/49 MP: 6/6
  3497 | D:3      | Found a runed translucent door.
  3553 | D:3      | Noticed jimonade's ghost (amateur DsHW)
  3609 | D:3      | Noticed Natasha
  3615 | D:3      | Killed Natasha
  3716 | D:3      | Noticed Natasha
  3724 | D:3      | Killed Natasha
  3836 | D:3      | Slain by jimonade's ghost

Illustrated notes

Levels and vault maps discovered:
D:1:      minmay_arrival_loop, layout_basic
D:2:      minmay_skewed_foursquare, layout_basic,
          ebering_ecumenical_altar_abandoned, serial_bayou_pond_e, minivault_27
D:3:      layout_basic, ebering_ghost_reflecting_pool, uniq_natasha,
          uniq_terence, uniq_sigmund

Skill      XL: |  1  2  3  4  5 |
---------------+----------------+-----
Fighting       | 4 |  4.4
Staves         | 3 4 |  4.7
Armour         | 4 |  4.7
Dodging        | 1 |  1.2
Shields        | |  4.5

Action                   |  1- 3 |  4- 6 || total
-------------------------+-------+-------++-------
Melee: Quarterstaff      |    84 |   115 ||   199
 Abil: Dig               |     1 |       ||     1
Armor: Scale mail        |    31 |    51 ||    82
Dodge: Dodged            |    34 |    49 ||    83
Block: Buckler           |    22 |    22 ||    44

Table legend: (Time is in decaauts)
 A = Elapsed time spent in this place.
 B = Non-inter-level travel time spent in this place.
 C = Inter-level travel time spent in this place.
 D = Time resting spent in this place.
 E = Time spent auto-exploring this place.
 F = Levels seen in this place.
 G = Mean time per level.
                   A        B        C        D        E       F      G
               +--------+--------+--------+--------+--------+-----+--------+
         Total |   3875 |   3787 |     88 |    719 |   2498 |   3 | 1291.7 |
       Dungeon |   3875 |   3787 |     88 |    719 |   2498 |   3 | 1291.7 |
               +--------+--------+--------+--------+--------+-----+--------+

Top non-repeatable levels by time:
     D:2: 1944 daAuts
     D:1: 1035 daAuts
     D:3: 896 daAuts
